 Dungeon Crawl Stone Soup version 0.17-a0-1951-g62301d3 (console) character file.

9571 nht the Severer (level 11, -7/88 HPs)
             Began as a Minotaur Berserker on Oct 2, 2015.
             Was a High Priest of Trog.
             Mangled by a wolf spider simulacrum (14 damage)
             ... in an ice cave.
             The game lasted 00:14:28 (8436 turns).

nht the Severer (Minotaur Berserker)                Turns: 8436, Time: 00:14:28

Health: -7/88      AC:  8    Str: 22    XL:     11   Next: 24%
Magic:  10/10      EV: 13    Int:  4    God:    Trog [*****.]
Gold:   807        SH:  0    Dex: 15    Spells: 0 memorised, 10 levels left

rFire  + . .     SeeInvis +     a - +3 executioner's axe (elec)
rCold  . . .     Clarity  .     l - +1 ring mail {rF+}
rNeg   . . .     SustAt   .     (no shield)
rPois  .         Gourm    .     (helmet restricted)
rElec  .         Spirit   .     (no cloak)
rCorr  .         Warding  .     (no gloves)
rMut   .         Stasis   .     q - +0 pair of boots
MR     .....                    n - amulet of rage
Stlth  +.........               t - +2 ring of dexterity
                                y - ring of see invisible

@: not resistant to hostile enchantments, very unstealthy
A: retaliatory headbutt, horns 2
a: Burn Spellbooks, Berserk, Trog's Hand, Brothers in Arms, Renounce Religion,
Evoke Berserk Rage


You were in an ice cave.
You worshipped Trog.
Trog was extremely pleased with you.
You were not hungry.

You visited 2 branches of the dungeon, and saw 12 of its levels.
You also visited: Ice Cave.

You collected 807 gold pieces.

Inventory:

Hand weapons
 a - a +3 executioner's axe of electrocution (weapon)
Missiles
 b - 11 tomahawks
 s - 7 silver javelins (quivered)
Armour
 l - a +1 ring mail of fire resistance (worn)
 q - a +0 pair of boots (worn)
 z - a +0 plate armour
Jewellery
 n - an amulet of rage (around neck)
 t - a +2 ring of dexterity (right hand)
 y - a ring of see invisible (left hand)
 C - an uncursed amulet of warding
 E - an uncursed amulet of resist corrosion
Magical devices
 h - a wand of confusion (25)
 o - a wand of heal wounds (6)
 u - a wand of paralysis (10)
 w - a wand of flame (0)
 x - a wand of confusion (12)
 F - a wand of teleportation (9)
Scrolls
 d - 13 scrolls of identify
 e - a scroll of blinking
 f - a scroll of enchant weapon
 j - 5 scrolls of teleportation
 m - 2 scrolls of recharging
 r - a scroll of remove curse
 v - a scroll of enchant armour
Potions
 g - 2 potions of lignification
 k - a potion of curing
 p - a potion of flight
 B - a potion of agility
Comestibles
 c - 9 bread rations
 i - 2 meat rations
 A - 2 fruits
 D - 4 royal jellies


   Skills:
 - Level 5.6 Fighting
 + Level 18.5 Axes
 - Level 4.1 Armour
 - Level 4.3 Dodging


You had 10 spell levels left.
You didn't know any spells.

Dungeon Overview and Level Annotations

Branches:
Dungeon (10/15)            Temple (0/1) D:5            Lair (0/8) D:9
    Orc (2/4) D:9

Altars:
Ashenzari
Gozag
Makhleb
Trog
Xom
Zin
The Shining One

Shops:
D:6 [


Innate Abilities, Weirdness & Mutations

You reflexively headbutt those who attack you in melee.
You have a pair of horns on your head.


Message History

The wolf simulacrum bites you but does no damage. x2
The death yak simulacrum gores you. The death yak simulacrum freezes you!
You slash the death yak simulacrum!
There is a sudden explosion of sparks!
The death yak simulacrum vapourises!
You slash the wolf simulacrum!
There is a sudden explosion of sparks!
The wolf simulacrum vapourises!
You slash the alligator simulacrum!
The wolf spider simulacrum closely misses you.
You furiously retaliate!
You headbutt the wolf spider simulacrum!
The wolf spider simulacrum bites you! The wolf spider simulacrum freezes you!
The alligator simulacrum bites you but does no damage.
The alligator simulacrum tail-slaps you.
The alligator simulacrum freezes you!!
* * * LOW HITPOINT WARNING * * *
The wolf spider simulacrum closely misses you.
The wolf spider simulacrum bites you!
* * * LOW HITPOINT WARNING * * *
The wolf spider simulacrum freezes you!
You die...

██ ..██
...██
█...█
██...█
█§§.█
██...██
██ZZ...██
█..@∩...█
█.......█
██..∩..██
██...██


█████ You could see an alligator simulacrum and a wolf spider simulacrum.

Vanquished Creatures
  The ghost of FurryRage the Blocker, an experienced MiFi of Trog (D:8)
  An unseen horror (D:8)
  A hill giant (D:10)
  The ghost of Roadrunner the Grappler, an experienced TrWr (D:4)
  The ghost of Roadrunner the Skirmisher, an average TrWr (D:5)
  A troll (D:9)
  A trapdoor spider zombie (D:8)
  Sigmund (D:3)
  A hungry ghost (D:9)
  4 wolves (D:9)
  A death yak simulacrum (IceCv)
  The ghost of truemonolith the Magician, an average DECj (D:3)
  A sky beast (D:5)
  3 orc warriors
  A phantom (D:6)
  A necrophage (D:6)
  12 ice beasts
  A black bear (D:6)
  An eye of draining (D:9)
  A crocodile (D:9)
  7 ogres
  3 centaurs
  A big kobold (D:9)
  5 giant frogs
  A wyvern skeleton (D:9)
  3 scorpions
  A water moccasin skeleton (D:4)
  A spriggan skeleton (D:9)
  A troll skeleton (D:9)
  15 wights
  An electric eel (D:9)
  4 crimson imps
  2 centaur zombies
  A quasit (D:5)
  5 jellies
  2 giant frog skeletons
  7 orc priests
  Ijyb (D:2)
  12 orc wizards
  8 hounds
  6 worker ants
  5 centaur skeletons (D:9)
  2 iguanas
  A wolf simulacrum (IceCv)
  A hound skeleton (D:6)
  A worker ant zombie (D:5)
  10 gnolls
  12 adders
  A shadow imp (D:5)
  An ooze (D:3)
  2 adder skeletons
  A worm (D:3)
  2 giant geckos
  43 orcs
  2 ball pythons
  7 bats
  9 giant cockroaches
  7 goblins
  6 hobgoblins
  13 jackals
  9 quokkas
  A sheep (D:6)
  4 giant newts
  9 kobolds
  12 rats
284 creatures vanquished.

Vanquished Creatures (others)
  A plant (D:4)
1 creature vanquished.

Grand Total: 285 creatures vanquished

Notes
Turn   | Place    | Note
--------------------------------------------------------------
     0 | D:1      | nht the Minotaur Berserker began the quest for the Orb.
     0 | D:1      | Reached XP level 1. HP: 19/19 MP: 0/0
   146 | D:1      | Reached XP level 2. HP: 13/27 MP: 1/1
   205 | D:1      | Acquired Trog's second power
   469 | D:1      | Reached skill level 4 in Fighting
   543 | D:2      | Reached XP level 3. HP: 29/33 MP: 2/2
   634 | D:2      | Found a shattered altar of Ashenzari.
   755 | D:2      | Reached XP level 4. HP: 27/41 MP: 3/3
   877 | D:2      | Noticed Ijyb
   885 | D:2      | Killed Ijyb
  1043 | D:3      | Reached skill level 5 in Fighting
  1043 | D:3      | Reached XP level 5. HP: 48/48 MP: 4/4
  1189 | D:3      | Noticed Sigmund
  1203 | D:3      | Killed Sigmund
  1203 | D:3      | Reached skill level 5 in Axes
  1203 | D:3      | Reached XP level 6. HP: 23/56 MP: 5/5
  1431 | D:3      | Noticed truemonolith's ghost (average DECj)
  1439 | D:3      | Killed truemonolith's ghost
  1439 | D:3      | Reached skill level 6 in Axes
  1717 | D:3      | Reached XP level 7. HP: 59/61 MP: 6/6
  1833 | D:4      | Noticed Roadrunner's ghost (experienced TrWr)
  1843 | D:4      | Killed Roadrunner's ghost
  1843 | D:4      | Reached skill level 8 in Axes
  2317 | D:4      | Reached skill level 9 in Axes
  2588 | D:5      | Entered Level 5 of the Dungeon
  2661 | D:5      | Reached XP level 8. HP: 36/69 MP: 7/7
  2820 | D:5      | Found an opulent altar of Gozag.
  2922 | D:5      | Acquired Trog's third power
  2942 | D:5      | Found a staircase to the Ecumenical Temple.
  3034 | D:5      | Reached skill level 10 in Axes
  3130 | D:5      | Noticed Roadrunner's ghost (average TrWr)
  3141 | D:5      | Killed Roadrunner's ghost
  3141 | D:5      | Reached skill level 11 in Axes
  3581 | D:6      | Reached skill level 12 in Axes
  3630 | D:6      | Noticed an angel
  3630 | D:6      | Found a glowing silver altar of Zin.
  3869 | D:6      | Found Teubuemini's Armour Boutique.
  3874 | D:6      | Reached XP level 9. HP: 70/74 MP: 8/8
  3877 | D:6      | Found a shimmering altar of Xom.
  4159 | D:6      | Reached skill level 13 in Axes
  4375 | D:6      | Found a shimmering altar of Xom.
  4475 | D:6      | Found a glowing golden altar of the Shining One.
  4761 | D:7      | Found a burning altar of Makhleb.
  5019 | D:7      | Reached skill level 14 in Axes
  5800 | D:8      | Reached skill level 15 in Axes
  5990 | D:8      | Reached XP level 10. HP: 65/82 MP: 9/9
  6070 | D:8      | You fall through a shaft for 2 floors!
  6070 | D:10     | Entered Level 10 of the Dungeon
  6086 | D:10     | Noticed a hill giant
  6093 | D:10     | Killed a hill giant
  6298 | D:9      | Found a staircase to the Lair.
  6312 | D:9      | Reached skill level 16 in Axes
  6533 | D:9      | Found a staircase to the Orcish Mines.
  6869 | D:8      | Noticed an unseen horror
  6883 | D:8      | Killed an unseen horror
  6883 | D:8      | Reached skill level 17 in Axes
  6942 | D:8      | Noticed FurryRage's ghost (experienced MiFi)
  6952 | D:8      | Killed FurryRage's ghost
  7268 | D:9      | Received a gift from Trog
  7412 | D:9      | Reached XP level 11. HP: 35/88 MP: 10/10
  7900 | Orc:1    | Entered Level 1 of the Orcish Mines
  7926 | Orc:1    | Found a bloodstained altar of Trog.
  7929 | Orc:1    | Reached skill level 18 in Axes
  8390 | Orc:2    | Found a frozen archway.
  8430 | IceCv    | Entered an ice cave
  8436 | IceCv    | Mangled by a wolf spider simulacrum

Vault maps used:
D:1:      lightli_arrival_windingriver, minmay_misc_feat_iff
D:2:      nicolae_ashenzari_panopticon, uniq_iyjb
D:3:      first_bread, uniq_sigmund
D:4:      serial_forest, infiniplex_forest_straight_3,
          infiniplex_forest_straight_4, infiniplex_forest_clump_medium,
          infiniplex_forest_clump_cross, infiniplex_forest_lined_room_3,
          infiniplex_forest_clump_curved, infiniplex_forest_clump_double
D:5:      grunt_gozag_statues, minmay_temple_entry_fiery
D:6:      grunt_temple_overflow_order_and_chaos_1, old_standard_altar,
          serial_shops, nicolae_shop_trees, minmay_misc_feat_alley,
          dk_xom_monty_hall
D:7:      kennysheep_mini_moat
D:9:      erik_lair_island, orc_0_dummy, serial_ice, serial_ice_o, serial_ice_g,
          serial_ice_f, serial_ice_m, hangedman_tell_no_tales
Orc:1:    nicolae_orc_lava_tube, bloody_trog
Orc:2:    serial_shops, nicolae_shop_stone, portal_ice_cave_entry_ice_beasts
IceCv:    ice_cave_small_necro

Action                   |  1- 3 |  4- 6 |  7- 9 | 10-12 || total
-------------------------+-------+-------+-------+-------++-------
Melee: Hand axe          |    71 |    97 |   214 |       ||   382
       War axe           |       |       |    77 |       ||    77
       Battleaxe         |       |       |    33 |   107 ||   140
       Executioner's axe |       |       |       |    81 ||    81
Invok: Berserk           |     1 |     3 |     5 |     5 ||    14
       Burn Spellbooks   |       |       |     2 |       ||     2
Evoke: Wand              |       |       |     7 |     6 ||    13
  Use: Potion            |       |     3 |     6 |     2 ||    11
       Scroll            |       |       |    15 |     2 ||    17
 Stab: Invisible         |       |       |     5 |       ||     5
  Eat: Chunk             |       |     7 |    16 |     9 ||    32
       Fruit             |       |       |     2 |     3 ||     5
       Pizza             |       |       |     1 |     1 ||     2
       Beef jerky        |       |       |       |     1 ||     1
